 Dungeon Crawl Stone Soup version 0.17-a0-1733-ge90ece9 (webtiles) character file.

1412227 prikolics the Eclecticist (level 27, 174/223 HPs)
             Began as a Vampire Enchanter on Aug 16, 2015.
             Was an Elder of Ashenzari.
             Escaped with the Orb
             ... and 3 runes on Aug 30, 2015!
             The game lasted 16:38:44 (118870 turns).

prikolics the Eclecticist (Vampire Enchanter)     Turns: 118870, Time: 16:38:45

Health: 174/223    AC: 18    Str: 14      XL:     27
Magic:  37/37      EV: 37    Int: 21 (24) God:    Ashenzari [****..]
Gold:   3445       SH: 24    Dex: 23      Spells: 13 memorised, 2 levels left

rFire  + + .     SeeInvis +     B - +7 short sword "Yfupnube" {pierce, Str+3 Dex+3} (curse)
rCold  + + +     Clarity  +     y - +2 robe {rC+ rF+} (curse)
rNeg   + + +     SustAt   .     n - +6 large shield {rF+} (curse)
rPois  ∞         Gourm    .     U - +0 hat "Asipn" {MR++ Slay+2} (curse)
rElec  +         Spirit   .     W - +2 cloak {rPois} (curse)
rCorr  .         Warding  .     z - +2 pair of gloves {Dex+3} (curse)
rMut   .         Stasis   .     k - +2 pair of boots {Fly} (curse)
MR     ++++.                    H - amulet of the Air {Inacc +Fly rElec EV+5 RMsl} (curse)
Stlth  ++++......               e - ring of wizardry (curse)
                                i - +5 ring of protection (curse)

@: flying, very slightly contaminated, bloodless, non-regenerating, studying
Dodging, repel missiles, incredibly resistant to hostile enchantments, stealthy
A: fangs 3, see invisible, deterioration 1, dopey 2, low mp 2, mutation
resistance 1, screaming 1, strong 2, unbreathing
a: Bat Form, Scrying, Renounce Religion, Stop Flying
0: Orb of Zot
}: 3/15 runes: decaying, silver, gossamer


You escaped.
You worshipped Ashenzari.
Ashenzari was greatly pleased with you.
You were bloodless.

You visited 11 branches of the dungeon, and saw 57 of its levels.
You visited the Abyss 1 time.
You visited 1 bazaar.
You visited 1 ziggurat, and saw 5 of its levels.
You also visited: Trove and Wizlab.

You collected 9173 gold pieces.
You spent 5677 gold pieces at shops.

Inventory:

Hand weapons
 B - the cursed +7 short sword "Yfupnube" (weapon) {pierce, Str+3 Dex+3}
   (You found it on level 2 of the Swamp)

   It inflicts extra damage upon your enemies.
   It affects your strength (+3).
   It affects your dexterity (+3).
   It has a curse placed upon it.
Missiles
 r - 19 tomahawks of dispersal (quivered)
Armour
 f - a +2 buckler of protection
 k - a cursed +2 pair of boots of flying (worn)
 n - a cursed +6 large shield of fire resistance (worn)
 y - a cursed +2 robe of resistance (worn)
 z - a cursed +2 pair of gloves of dexterity (worn)
 N - a +6 mottled dragon armour
 U - the cursed +0 hat "Asipn" (worn) {MR++ Slay+2}
   (You acquired it on level 2 of the Elven Halls)

   It affects your accuracy and damage with ranged weapons and melee attacks
   (+2).
   It affects your resistance to hostile enchantments.
   It has a curse placed upon it.
 W - a cursed +2 cloak of poison resistance (worn)
Magical staves
 C - an uncursed staff of death
Jewellery
 e - a cursed ring of wizardry (right hand)
 i - a cursed +5 ring of protection (left hand)
 t - an uncursed ring of protection from fire
 H - the cursed amulet of the Air (around neck) {Inacc +Fly rElec EV+5 RMsl}
   (You found it in a treasure trove)

   [amulet of inaccuracy]

   It reduces the accuracy of all your attacks.
   It affects your evasion (+5).
   It insulates you from electricity.
   It lets you fly.
   It protects you from missiles.
   It has a curse placed upon it.
Magical devices
 M - a wand of teleportation (3)
 O - a wand of disintegration (4)
 P - a wand of teleportation (6)
 Q - a wand of frost (18)
 R - a wand of digging (2)
 T - a wand of fireball (9)
Scrolls
 c - 12 scrolls of remove curse
 g - 5 scrolls of identify
 h - a scroll of brand weapon
 m - a scroll of amnesia
 p - 9 scrolls of teleportation
 q - 2 scrolls of fog
 v - 6 scrolls of vulnerability
 A - 8 scrolls of fear
 D - a scroll of silence
 K - 3 scrolls of curse armour
Potions
 j - 4 potions of brilliance
 o - 5 potions of might
 u - 3 potions of resistance
 w - 6 potions of cancellation
 E - 2 potions of blood
 X - 4 potions of curing
 Z - 4 potions of agility
Books
 a - a manual of Dodging
 s - the Guide on Cloudy Attacks
   (You found it on level 3 of the Crypt)

   Spells                             Type                      Level
   a - Shock                          Conjuration/Air              1
   b - Searing Ray                    Conjuration                  2
   c - Mephitic Cloud                 Conjuration/Poison/Air       3
   d - Lightning Bolt                 Conjuration/Air              5
   e - Tornado                        Air                          9
 S - a book of Annihilations

   Spells                             Type                      Level
   a - Poison Arrow                   Conjuration/Poison           6
   b - Chain Lightning                Conjuration/Air              8
   c - Lehudib's Crystal Spear        Conjuration/Earth            8
   d - Glaciate                       Conjuration/Ice              9
   e - Fire Storm                     Conjuration/Fire             9
Miscellaneous
 b - a plain deck of changes {drawn: 1}
 d - a box of beasts {used: 1}
 l - a plain deck of defence
 x - a plain deck of summoning {the Rangers}
 F - a plain deck of changes {the Shadow}
 G - a crystal ball of energy
 I - a plain deck of changes {the Shadow}
 J - a plain deck of summoning {the Crusade}
 L - a plain deck of escape
 Y - a plain deck of defence {the Blade}


   Skills:
 + Level 19.7 Fighting
 - Level 6.3(9.8) Short Blades
 - Level 1.4 Armour
 - Level 19.0(21.6) Dodging
 - Level 20.0(22.6) Stealth
 * Level 10.3(12.4) Shields
 - Level 20.1 Spellcasting
 * Level 12.7(15.8) Conjurations
 - Level 13.0(16.0) Hexes
 - Level 8.8(12.1) Charms
 - Level 12.1(15.2) Summonings
 - Level 17.7(20.5) Necromancy
 - Level 1.2(3.3) Translocations
 - Level 0.4(1.7) Transmutations
 - Level 11.6(14.8) Ice Magic
 - Level 10.1(13.3) Earth Magic
 * Level 8.0(11.4) Evocations


You had 2 spell levels left.
You knew the following spells:

 Your Spells              Type           Power        Failure   Level  Hunger
a - Bolt of Draining      Conj/Necr      #######...   1%          5    None
b - Haste                 Chrm           ######..     6%          6    ####...
c - Confuse               Hex            ######..     1%          3    None
d - Invisibility          Hex            ######..     1%          6    ####...
e - Passwall              Trmt/Erth      ######....   1%          3    None
f - Dispel Undead         Necr           #######.     1%          5    None
g - Haunt                 Necr/Summ      #######...   4%          7    #####..
h - Summon Mana Viper     Hex/Summ       ######..     1%          5    None
i - Death Channel         Necr           #######...   1%          6    ####...
k - Iskenderun's Mystic   Conj           ######..     1%          4    None
l - Blink                 Tloc           N/A          2%          2    None
m - Iron Shot             Conj/Erth      ######....   1%          6    ####...
n - Bolt of Cold          Conj/Ice       ######....   1%          6    ####...


Dungeon Overview and Level Annotations

Branches:
Dungeon (15/15)            Temple (1/1) D:6            Lair (8/8) D:9
  Swamp (4/4) Lair:6       Spider (4/4) Lair:6        Slime (0/6) Lair:6
    Orc (4/4) D:9             Elf (3/3) Orc:4        Vaults (5/5) D:14
  Crypt (3/3) Vaults:3       Tomb (0/3) Crypt:3      Depths (5/5) D:15
    Zot (5/5) Depths:5

Altars:
Ashenzari
Cheibriados
Dithmenos
Elyvilon
Fedhas
Gozag
Kikubaaqudgha
Makhleb
Nemelex Xobeh
Okawaru
Qazlal
Ru
Sif Muna
Trog
Vehumet
Xom
Yredelemnul
Zin
The Shining One
Beogh
Jiyva

Shops:
D:4 :   D:5 *(   Orc:1 *   Orc:4 %:**   Elf:2 *   Elf:3 %=%[:   Vaults:5 (
Depths:3 [*%(

Portals:
Hell: Depths:1 Depths:2 Depths:3 Depths:4 Depths:5
Abyss: Depths:1 Depths:2 Depths:3 Depths:4
Pandemonium: Depths:3 Depths:4

Annotations:
D:15 2 runed doors
Lair:3 exclusion: oklob plant
Orc:3 Rupert


Innate Abilities, Weirdness & Mutations

You do not heal naturally.
You are immune to poison.
You have razor-sharp teeth.
You have supernaturally acute eyesight.
You can survive without breathing.
Your body sometimes deteriorates upon taking damage.
You are very dopey. (Int -4)
Your magical capacity is very low (-20% MP).
You are somewhat resistant to further mutation.
You occasionally shout uncontrollably at your foes.
Your muscles are very strong. (Str +4)


Message History

There is a stone staircase leading down here.
(D) Dungeon (T) Temple (L) Lair (S) Swamp (N) Spider Nest (M) Slime Pits (O) Orcish Mines (E) Elven Halls (V) Vaults (C) Crypt (W) Tomb (U) Depths (H) Hell (Z) Zot
Where to? (Enter - D:1, ? - help)
Your extra speed is starting to run out.
A goblin comes into view. It is wielding a club.
You feel yourself slow down.
A shadow imp comes into view.
The shadow imp shouts, "Fly, thou rough-hewn hasty-witted nert!"
There is an escape hatch in the floor here.
A hellwing, a balrug, a Brimstone Fiend and a pandemonium lord come into view.
You shout at the Brimstone Fiend!
There is a stone staircase leading up here.
The hellwing gives a chilling moan.
You fly upwards.
There is a stone staircase leading down here.
There is a staircase leading out of the dungeon here.
You have escaped!

#.# #.................##
#.# #...#####'#.........
#.# #...##...##...##.###
#.# ##..#.'##.#...##.###
#.# #..#(#8#.#...##.... #.#
#..#.###.#..####### #.#
#..##...##..#...... #.#
#..#######..#.##### #.#
#.@.........#.#.... #.#
#...[.......#.#.##.
#.#######.###.#######......
#.##..........#####.....###
#..............÷..'........
####........#######.....###
#........# #.....# #
#........# #.....# #
#........# #.....# #


There were no monsters in sight!

Vanquished Creatures
  4 orbs of fire (Zot:5)
  3 ancient liches
  the Lernaean hydra (Swamp:3)
  Norris (Spider:2)
  2 curse toes
  3 caustic shrikes
  5 golden dragons
  Arachne (Spider:2)
  8 liches
  An electric golem (Zot:5)
  12 tentacled monstrosities
  12 Orb Guardians
  A deep elf blademaster (Elf:3)
  2 shard shrike skeletons
  A titan (Vaults:5)
  5 sphinxes
  4 thorn hunters
  An octopode crusher (Depths:3)
  7 ancient champions
  3 tengu reavers
  5 death cobs
  11 storm dragons
  Agnes (Spider:2)
  Kirke (Spider:1)
  6 shadow dragons
  5 draconian monks
  A revenant (Crypt:3)
  11 fire giants
  Donald (Crypt:1)
  13 frost giants
  A balrug (Zig:5)
  5 draconian knights
  5 iron dragons
  Maud (Orc:3)
  4 draconian scorchers
  A deep elf sorcerer (Vaults:4)
  An angel (Depths:3)
  3 orc warlords
  7 curse skulls
  5 draconian shifters
  5 draconian zealots
  5 emperor scorpions
  5 ghost moths
  3 spriggan defenders
  5 reapers (Crypt:3)
  7 ghouls
  2 vault wardens
  12 ironheart preservers
  16 very ugly things
  8 draconian annihilators
  7 vampire knights
  14 stone giants
  Nessos (D:12)
  2 draconian callers
  7 green draconians
  6 black draconians
  3 deep elf annihilators
  14 white draconians
  A deep elf demonologist (Depths:4)
  17 red draconians
  3 salamander stormcallers
  6 mottled draconians
  13 eidola
  10 purple draconians
  9 yellow draconians
  2 merfolk javelineers
  Snorg (Orc:1)
  20 ettins
  A deep elf high priest (Vaults:5)
  7 deep elf death magi
  Erolcha (D:8)
  16 fire dragons
  A mummy priest (Crypt:3)
  32 vault guards
  4 jiangshi
  A quicksilver dragon zombie (Crypt:1)
  Josephine (Lair:6)
  5 great orbs of eyes
  17 yaktaur captains
  12 entropy weavers
  2 rakshasas
  Harold (Lair:2)
  A death knight (Crypt:2)
  21 ice dragons
  25 hydras
  An anaconda (shapeshifter) (Depths:3)
  14 ogre magi
  5 ghost crabs
  2 catoblepae
  16 centaur warriors
  6 spriggan air magi
  2 dancing weapons (Elf:2)
  The ghost of trantor the Carver, an experienced MiFi of Okawaru (D:10)
  7 alligators
  6 spriggan berserkers
  8 deep troll earth magi
  2 hell hogs (Depths:5)
  5 vampire magi
  4 tengu warriors
  8 deep troll shamans
  4 death yaks
  Urug (Lair:3)
  Nergalle (D:10)
  2 iron trolls
  19 deep elf knights
  4 shadow wraiths
  10 spriggans
  17 skeletal warriors
  A titan skeleton (Crypt:2)
  6 soul eaters
  2 fire crabs
  21 deep trolls
  An anaconda zombie (Crypt:3)
  2 golden dragon zombies
  5 unseen horrors
  11 hell knights
  3 storm dragon skeletons (Crypt:3)
  11 deep elf summoners
  7 swamp dragons
  A spriggan druid (Swamp:2)
  An anubis guard (shapeshifter) (Depths:1)
  6 giant orange brains
  4 flayed ghosts
  2 ghost moth zombies (Crypt:3)
  An ice statue (Lair:2)
  An ice devil (Depths:4)
  29 necromancers
  11 hill giants
  Pikel (D:6)
  2 shambling mangroves
  2 shadow dragon zombies (Crypt:3)
  7 orb spiders
  11 orc knights
  15 phantasmal warriors
  A lindwurm (shapeshifter) (Vaults:5)
  2 wolf spider zombies (Crypt:3)
  3 wizards
  A sphinx zombie (Zig:5)
  A harpy (Vaults:2)
  8 ironbrand convokers
  7 griffons
  A shadow dragon skeleton (Crypt:3)
  An iron dragon zombie (Depths:1)
  15 deep elf conjurers
  18 wolf spiders
  A griffon (shapeshifter) (Depths:2)
  4 orc sorcerers
  6 cyclopes
  2 hornets
  2 frost giant zombies (Crypt:3)
  A fire giant zombie (Crypt:3)
  A manticore (shapeshifter) (Vaults:5)
  A sphinx skeleton (Zig:5)
  61 ugly things
  4 stone giant zombies
  52 slime creatures
  25 moths of wrath
  An iron dragon skeleton (Crypt:3)
  2 manticores
  5 black mambas
  A stone giant skeleton (Depths:1)
  Maurice (D:8)
  2 elephants (Lair:8)
  Joseph (D:8)
  A salamander (shapeshifter) (D:13)
  21 spiny frogs
  A black mamba (shapeshifter) (D:13)
  2 gargoyles
  3 frost giant skeletons
  4 centaur zombies
  A titan simulacrum (Crypt:1)
  A torpor snail (Spider:2)
  11 vault sentinels
  2 kobold demonologists
  5 spectral swamp worms (Depths:1)
  A death yak zombie (Crypt:1)
  A swamp worm zombie (Crypt:2)
  An emperor scorpion zombie (Crypt:3)
  A catoblepas zombie (Crypt:2)
  11 komodo dragons
  2 tengu conjurers
  13 hellwings (Crypt:3)
  42 yaktaurs
  3 fire drakes
  A mottled draconian skeleton (Crypt:1)
  11 deep elf priests
  A guardian mummy (Crypt:3)
  4 red devils (Elf:1)
  An entropy weaver zombie (Depths:1)
  8 demonic crawlers
  19 jumping spiders
  A giant leech (shapeshifter) (Depths:3)
  2 hydra zombies
  24 two-headed ogres
  A wind drake (shapeshifter) (Vaults:2)
  6 polar bears
  3 blue devils
  11 freezing wraiths
  A harpy zombie (Crypt:1)
  2 ushabtiu (Crypt:3)
  39 blink frogs
  14 trolls
  A snapping turtle (shapeshifter) (D:13)
  10 bog bodies
  4 fire dragon zombies
  5 giant leeches
  An ice dragon zombie (Crypt:2)
  A centaur simulacrum (D:15)
  7 boulder beetles
  2 deep troll zombies (Depths:1)
  A blink frog (shapeshifter) (Depths:5)
  An ettin zombie (Crypt:1)
  3 black mamba zombies (Crypt:3)
  An alligator skeleton (Crypt:3)
  57 redbacks
  101 yaks
  17 deep elf magi
  2 ice dragon skeletons
  6 air elementals
  2 ettin skeletons
  A spriggan skeleton (Depths:1)
  13 trapdoor spiders
  5 flying skulls
  13 tarantellas
  A fire dragon skeleton (Crypt:1)
  19 wraiths
  23 deep elf fighters
  2 basilisks
  6 shadows
  7 hippogriffs
  3 wyverns
  9 water elementals
  A human (D:3)
  A golden eye (shapeshifter) (Vaults:2)
  13 wolves
  21 vampire mosquitoes
  2 hungry ghosts
  A naga (shapeshifter) (Depths:4)
  3 insubstantial wisps (Swamp:3)
  A mottled dragon (shapeshifter) (Depths:3)
  A soldier ant (shapeshifter) (Vaults:2)
  7 large abominations
  16 porcupines
  A soldier ant (D:11)
  23 swamp worms
  3 sky beasts
  6 wargs
  12 wasps
  7 hell hounds (Depths:5)
  20 water moccasins
  A merfolk skeleton (Crypt:2)
  A mottled dragon (Vaults:1)
  11 ice beasts
  71 ogres
  3 black bears
  3 necrophages
  16 spiders
  14 swamp drakes
  A black bear (shapeshifter) (Elf:2)
  4 phantoms
  An elephant zombie (Crypt:1)
  3 human zombies
  2 slaves (D:7)
  2 spiny frog skeletons
  36 centaurs
  40 orc warriors
  A snapping turtle zombie (Crypt:3)
  7 small abominations (D:10)
  14 boggarts
  22 crocodiles
  9 big kobolds
  3 brain worms
  2 glowing shapeshifter simulacra
  19 giant frogs
  5 scorpions
  9 wyvern skeletons
  4 electric eels
  17 killer bees
  2 quasits (D:9)
  5 giant frog zombies
  8 wights
  11 jellies
  7 crimson imps
  2 hounds
  A jelly (shapeshifter) (Depths:3)
  2 giant frog skeletons (D:12)
  6 worker ants
  Crazy Yiuf (D:7)
  28 orc priests
  Ijyb (D:2)
  11 centaur skeletons
  9 iguanas
  A two-headed ogre zombie (Crypt:2)
  Jessica (D:2)
  A demonspawn skeleton (Crypt:1)
  43 orc wizards
  2 human skeletons
  7 hell rats (Lair:7)
  A big kobold zombie (Crypt:2)
  24 sheep
  A dwarf zombie (Crypt:2)
  A felid skeleton (Crypt:2)
  A naga skeleton (Crypt:2)
  A hound skeleton (D:5)
  3 gnolls (D:2)
  Robin (D:4)
  85 river rats
  16 adders
  A steam dragon zombie (Crypt:1)
  4 shadow imps
  2 white imps (Lair:2)
  An ufetubus (D:3)
  An ooze (D:2)
  An adder zombie (Crypt:1)
  2 adder skeletons
  A worm (D:4)
  A giant gecko (D:5)
  227 orcs
  12 bats
  8 giant cockroaches
  5 hobgoblins
  7 jackals
  32 kobolds
  5 quokkas
  2 ball pythons (D:3)
  10 giant newts
  12 goblins
  A hobgoblin skeleton (Crypt:1)
  A kobold skeleton (Crypt:3)
  6 rats
  2 rat zombies
  A briar patch (Swamp:4)
  2 fulminant prisms (Depths:3)
  A lost soul (Crypt:2)
2748 creatures vanquished.

Vanquished Creatures (collateral kills)
  2 ancient liches
  An orb of fire (Zot:5)
  Saint Roka (Elf:3)
  A curse toe (Zot:2)
  2 Killer Klowns (Zot:5)
  A caustic shrike (shapeshifter) (Vaults:3)
  5 golden dragons
  An electric golem (Zot:5)
  Jorgrun (Swamp:2)
  2 liches
  13 Orb Guardians
  12 tentacled monstrosities
  Asterion (Vaults:3)
  5 titans
  3 quicksilver dragons
  A sphinx (Depths:3)
  Frances (Depths:4)
  10 shadow dragons
  A death cob (Zot:4)
  An ancient champion (Crypt:2)
  3 storm dragons
  2 thorn hunters (Swamp:3)
  Roxanne (Spider:4)
  A draconian monk (Zot:1)
  A tengu reaver (Depths:3)
  11 frost giants
  A revenant (Crypt:2)
  A fire giant (shapeshifter) (Vaults:5)
  6 deep elf sorcerers
  A draconian scorcher (Zot:1)
  A frost giant (shapeshifter) (Depths:3)
  2 iron dragons
  2 ghost moths (Spider:4)
  8 fire giants
  3 draconian zealots
  13 vault wardens
  A draconian shifter (Depths:5)
  An emperor scorpion (Spider:4)
  A ghost moth (shapeshifter) (Depths:4)
  3 war gargoyles
  A spriggan defender (Depths:4)
  9 ironheart preservers
  5 very ugly things
  15 stone giants
  3 vampire knights
  2 green draconians (Zot:1)
  2 deep elf demonologists
  A mottled draconian (Zot:1)
  2 black draconians
  2 purple draconians
  2 white draconians
  A crystal guardian (Vaults:3)
  3 deep elf death magi
  6 great orbs of eyes
  2 ettins
  A fire dragon (Depths:3)
  An orange crystal statue (WizLab)
  A jiangshi (Crypt:1)
  5 ogre magi
  7 vault guards
  A rakshasa (Depths:3)
  A deep elf high priest (Vaults:5)
  An entropy weaver (Depths:1)
  3 yaktaur captains
  6 spriggan air magi
  5 hydras
  An ice dragon (Depths:5)
  A death knight (Crypt:2)
  11 dancing weapons
  2 deep troll earth magi (Depths:1)
  A deep troll shaman (Depths:3)
  A vampire mage (Depths:3)
  9 spriggan berserkers
  6 deep elf knights
  A shadow wraith (Vaults:2)
  A sun demon (D:3)
  4 deep trolls
  2 hell knights (Depths:5)
  A flayed ghost (Depths:3)
  A swamp dragon (Swamp:4)
  3 spriggan druids
  2 ice statues
  2 giant orange brains
  4 deep elf conjurers
  6 ironbrand convokers
  A wizard (Depths:3)
  2 orc knights
  12 ugly things
  3 necromancers
  3 hornets
  7 orb spiders (Spider:4)
  2 orc sorcerers
  A cyclops (Vaults:2)
  5 wolf spiders
  4 moths of wrath
  3 vault sentinels (Vaults:2)
  14 yaktaurs
  A komodo dragon (Zig:4)
  2 deep elf priests
  5 demonic crawlers
  A merfolk (shapeshifter) (Vaults:4)
  10 jumping spiders
  2 trolls (Elf:3)
  2 tengu conjurers (Depths:3)
  7 slime creatures
  2 two-headed ogres (shapeshifter)
  3 two-headed ogres
  A stone giant simulacrum (Vaults:3)
  A raiju (shapeshifter) (Depths:1)
  21 redbacks
  6 air elementals
  A flying skull (Crypt:1)
  2 water elementals (Depths:1)
  12 spriggans
  4 deep elf magi
  9 trapdoor spiders
  5 deep elf fighters
  2 yaks (Zig:4)
  5 tarantellas
  A shadow (Swamp:4)
  A wraith (Vaults:1)
  6 vampire mosquitoes
  6 swamp worms
  2 wargs (Vaults:2)
  2 mottled dragons
  A sky beast (shapeshifter) (Vaults:5)
  13 spiders
  15 wasps
  3 swamp drakes (Swamp:4)
  3 orc warriors
  21 ogres
  2 boggarts (Depths:2)
  A crocodile (Zig:4)
  2 elf zombies (Elf:1)
  A giant frog (shapeshifter) (Depths:3)
  An electric eel (Spider:2)
  5 orcs
  4 plants (Depths:1)
526 creatures vanquished.

Vanquished Creatures (others)
  A lich (Depths:3)
  An eldritch tentacle (Depths:3)
  A tengu reaver (Vaults:5)
  A storm dragon (Zot:4)
  An ogre mage (Vaults:3)
  A deep elf knight (Elf:1)
  2 harpies (Vaults:2)
  A freezing wraith (Vaults:2)
  A deep elf mage (Elf:3)
  3 humans (Spider:1)
  3 vampire mosquitoes
  A deep elf fighter (Vaults:2)
  An ogre (Vaults:3)
  3 orcs
  3 briar patches
  A bush (D:9)
  39 eldritch tentacle segments (Depths:3)
  11 fulminant prisms (Depths:3)
  56 fungi
  8 lost souls
  148 plants
287 creatures vanquished.

Grand Total: 3561 creatures vanquished

Notes
Turn   | Place    | Note
--------------------------------------------------------------
     0 | D:1      | prikolics the Vampire Enchanter began the quest for the Orb.
     0 | D:1      | Reached XP level 1. HP: 13/13 MP: 3/3
   156 | D:1      | Reached skill level 5 in Stealth
   170 | D:1      | Reached XP level 2. HP: 14/19 MP: 5/5
   174 | D:1      | Learned a level 2 spell: Ensorcelled Hibernation
   204 | D:2      | Noticed Jessica
   819 | D:2      | Killed Jessica
   819 | D:2      | Reached skill level 6 in Stealth
   819 | D:2      | Reached XP level 3. HP: 24/24 MP: 3/6
   894 | D:2      | Reached XP level 4. HP: 23/30 MP: 4/7
  1220 | D:2      | Reached skill level 7 in Stealth
  1419 | D:2      | Noticed Ijyb
  1423 | D:2      | Killed Ijyb
  1423 | D:2      | Reached XP level 5. HP: 35/35 MP: 5/8
  2055 | D:3      | Found a runed door.
  2055 | D:3      | Noticed a human
  2059 | D:3      | Found a basalt altar of Yredelemnul.
  2076 | D:3      | Reached skill level 8 in Stealth
  2088 | D:3      | Learned a level 3 spell: Confuse
  2119 | D:3      | Killed a human
  2119 | D:3      | Reached skill level 5 in Hexes
  2119 | D:3      | Reached skill level 1 in Ice Magic
  2119 | D:3      | Reached XP level 6. HP: 25/42 MP: 0/10
  2325 | D:3      | Reached skill level 9 in Stealth
  3069 | D:4      | Got a pitted spear
  3070 | D:4      | Identified the +9 spear of Putrescence {flame, rElec rPois rF- Int+3} (You found it on level 4 of the Dungeon)
  3092 | D:4      | Reached XP level 7. HP: 47/47 MP: 11/11
  3155 | D:4      | Noticed a yak
  3156 | D:4      | Noticed a yak
  3156 | D:4      | Noticed a yak
  3156 | D:4      | Noticed a yak
  3157 | D:4      | Noticed a yak
  3165 | D:4      | Killed a yak
  3165 | D:4      | Reached skill level 10 in Stealth
  3166 | D:4      | Noticed a yak
  3168 | D:4      | Killed a yak
  3168 | D:4      | Reached skill level 1 in Fighting
  3176 | D:4      | Killed a yak
  3176 | D:4      | Reached skill level 11 in Stealth
  3176 | D:4      | Reached XP level 8. HP: 48/54 MP: 2/13
  3183 | D:4      | Killed a yak
  3213 | D:5      | Entered Level 5 of the Dungeon
  3539 | D:4      | Killed a yak
  3554 | D:4      | Killed a yak
  3554 | D:4      | Reached skill level 12 in Stealth
  3708 | D:4      | Noticed Robin
  3717 | D:4      | Killed Robin
  4585 | D:4      | Found Vogeh's Book Emporium.
  4797 | D:4      | Reached skill level 5 in Dodging
  5235 | D:5      | Reached XP level 9. HP: 61/61 MP: 3/16
  5488 | D:5      | Found a shattered altar of Ashenzari.
  5501 | D:5      | Became a worshipper of Ashenzari the Shackled
  5524 | D:5      | Reached skill level 5 in Spellcasting
  5726 | D:5      | Found Halen's Weapon Shoppe.
  5735 | D:5      | Found Awirem's General Store.
  5743 | D:5      | Bought a scroll of fear for 42 gold pieces
  6183 | D:6      | Found a staircase to the Ecumenical Temple.
  6202 | Temple   | Entered the Ecumenical Temple
  6491 | D:6      | Learned a level 6 spell: Invisibility
  6800 | D:6      | Acquired Ashenzari's first power
  7250 | D:7      | Noticed Pikel
  7268 | D:6      | Killed Pikel
  7394 | D:7      | Found a shattered altar of Ashenzari.
  7642 | D:7      | Noticed an unseen horror
  7645 | D:7      | Killed an unseen horror
  7645 | D:7      | Reached skill level 1 in Shields
  7792 | D:7      | Noticed Crazy Yiuf
  7798 | D:7      | Killed Crazy Yiuf
  7892 | D:8      | Noticed Erolcha
  8170 | D:8      | Noticed Maurice
  8180 | D:8      | Killed Maurice
  8180 | D:8      | Reached XP level 10. HP: 67/67 MP: 7/19
  8213 | D:9      | Found a staircase to the Orcish Mines.
  8236 | D:8      | Found a shattered altar of Ashenzari.
  8240 | D:8      | Noticed Joseph
  8309 | D:8      | Killed Joseph
  8850 | D:8      | Killed Erolcha
  8850 | D:8      | Reached skill level 10 in Hexes
  9292 | D:9      | Found a staircase to the Lair.
  9626 | D:9      | Reached skill level 5 in Ice Magic
  9649 | D:9      | Reached XP level 11. HP: 73/73 MP: 14/22
  9686 | D:9      | Found a blossoming altar of Fedhas.
  9734 | D:10     | Entered Level 10 of the Dungeon
  9753 | D:10     | Noticed a hill giant
  9762 | D:10     | Killed a hill giant
  9878 | D:10     | Acquired Ashenzari's second power
  9878 | D:10     | Noticed a hill giant
  9878 | D:10     | Noticed trantor's ghost (experienced MiFi)
  9935 | D:9      | Noticed a three-headed hydra
  9951 | D:9      | Killed a three-headed hydra
 10743 | D:10     | Noticed a hill giant
 10754 | D:10     | Killed a hill giant
 10812 | D:11     | Noticed an unseen horror
 10818 | D:10     | Killed an unseen horror
 10909 | D:11     | Noticed a hill giant
 10916 | D:11     | Killed a hill giant
 10916 | D:11     | Reached skill level 5 in Shields
 11014 | D:10     | Noticed an ice statue
 11229 | D:10     | Noticed Nergalle
 11231 | D:10     | Killed Nergalle
 11269 | D:10     | Noticed a hill giant
 11272 | D:10     | Killed a hill giant
 11443 | D:10     | Killed a hill giant
 11443 | D:10     | Reached XP level 12. HP: 80/80 MP: 20/25
 11523 | D:10     | Killed trantor's ghost
 11949 | D:10     | Noticed a wizard
 11953 | D:10     | Killed a wizard
 11960 | D:10     | Noticed a large abomination
 12036 | D:11     | Noticed a hill giant
 12039 | D:11     | Killed a hill giant
 12039 | D:11     | Reached skill level 13 in Hexes
 12490 | D:11     | Noticed an unseen horror
 12498 | D:11     | Killed an unseen horror
 12527 | D:13     | Acquired Ashenzari's third power
 12934 | D:11     | Noticed a seven-headed hydra
 12943 | D:11     | Killed a seven-headed hydra
 13095 | D:11     | Reached skill level 10 in Dodging
 13315 | D:12     | Reached skill level 10 in Spellcasting
 13368 | D:12     | Noticed Nessos
 13787 | D:12     | Noticed a five-headed hydra
 13794 | D:12     | Killed a five-headed hydra
 13815 | D:12     | Reached skill level 14 in Stealth
 13959 | D:12     | Identified the +2 morningstar of Truth {drain, -Tele Int+10 Dex+3}
 14236 | D:12     | Learned a level 3 spell: Passwall
 14374 | D:12     | Reached XP level 13. HP: 86/86 MP: 13/27
 14675 | D:12     | Reached skill level 15 in Stealth
 14679 | D:12     | Killed Nessos
 14879 | D:13     | Noticed a centaur warrior
 14885 | D:13     | Killed a centaur warrior
 14982 | Lair:1   | Entered Level 1 of the Lair of Beasts
 15264 | Lair:2   | Acquired Ashenzari's fourth power
 15728 | Lair:3   | Noticed Urug
 15734 | Lair:3   | Killed Urug
 15830 | Lair:4   | Reached skill level 16 in Stealth
 16192 | Lair:2   | Noticed Harold
 16197 | Lair:2   | Killed Harold
 16206 | Lair:2   | Upgraded the game from 0.17-a0-1663-gb806841 to 0.17-a0-1667-g4ca74a1
 16431 | Lair:2   | Gained mutation: Your magical capacity is low (-10% MP). [mutagenic glow]
 17285 | Lair:3   | Reached skill level 17 in Stealth
 17980 | Lair:3   | Reached skill level 5 in Short Blades
 18220 | Lair:3   | Found a glowing golden altar of the Shining One.
 18451 | Lair:6   | Noticed Josephine
 18553 | Lair:4   | Acquired Ashenzari's fifth power
 18686 | Lair:4   | Reached XP level 14. HP: 94/94 MP: 23/26
 20625 | Lair:8   | Entered Level 8 of the Lair of Beasts
 20691 | Lair:6   | Found a staircase to the Swamp.
 20790 | Lair:6   | Killed Josephine
 20963 | Lair:6   | Found a viscous altar of Jiyva.
 20963 | Lair:6   | Found a staircase to the Slime Pits.
 21406 | Lair:6   | Found a hole to the Spider Nest.
 22351 | Orc:1    | Entered Level 1 of the Orcish Mines
 22351 | Orc:1    | Found Muppuxt's Off-Brand Ammunition.
 22779 | Orc:1    | Found a roughly hewn altar of Beogh.
 23202 | Orc:1    | Noticed Snorg
 23209 | Orc:1    | Killed Snorg
 23514 | Orc:4    | Entered Level 4 of the Orcish Mines
 23534 | Orc:3    | Noticed Maud
 23587 | Orc:3    | Gained mutation: Your magical capacity is very low (-20% MP). [mutagenic glow]
 23615 | Orc:3    | Killed Maud
 23682 | Orc:3    | Found a roughly hewn altar of Beogh.
 23748 | Orc:3    | Noticed Rupert
 24522 | Orc:4    | Noticed an orc warlord
 25168 | Orc:4    | Killed an orc warlord
 25614 | Orc:4    | Cast into the Abyss (an ogre mage)
 25735 | Abyss:1  | Noticed a tentacled starspawn
 25750 | Abyss:1  | Identified the +1 morningstar "Topnijet" {freeze, +Rage rF+++ rC- Dex+2}
 25838 | Abyss:1  | Found an iron altar of Okawaru.
 25864 | Orc:4    | Escaped the Abyss
 25902 | Orc:3    | Gained mutation: Your muscles are strong. (Str +2) [potion of mutation]
 25902 | Orc:3    | Gained mutation: Your muscles are very strong. (Str +4) [potion of mutation]
 25904 | Orc:3    | Gained mutation: You are somewhat resistant to further mutation. [potion of beneficial mutation]
 26425 | Orc:4    | Reached XP level 15. HP: 100/100 MP: 18/25
 26517 | Orc:4    | Found Laorasigi's Food Boutique.
 26560 | Orc:4    | Found a staircase to the Elven Halls.
 26564 | Orc:4    | Found Peal's General Store.
 26586 | Orc:4    | Found Eliuset's Assorted Antiques.
 26590 | Orc:4    | Found Lebyfasiem's Book Shop.
 26634 | Orc:4    | Bought a book of Death for 910 gold pieces
 26634 | Orc:4    | Bought a Necronomicon for 1435 gold pieces
 26640 | Orc:4    | Learned a level 5 spell: Bolt of Draining
 26646 | Orc:4    | Learned a level 5 spell: Dispel Undead
 26654 | Orc:4    | Learned a level 7 spell: Haunt
 27226 | Lair:7   | Reached skill level 1 in Necromancy
 27291 | Lair:7   | Reached skill level 1 in Summonings
 27293 | Lair:7   | Reached skill level 10 in Ice Magic
 30464 | Swamp:1  | Entered Level 1 of the Swamp
 30582 | Swamp:1  | Identified the +2 leather armour "Humasoblugg" {Str+4}
 30622 | Swamp:1  | Found a sacrificial altar of Ru.
 30913 | Swamp:2  | Noticed Jorgrun
 31637 | Swamp:4  | Entered Level 4 of the Swamp
 31647 | Swamp:3  | Reached skill level 5 in Necromancy
 31648 | Swamp:3  | Noticed a thorn hunter
 31667 | Swamp:4  | Reached skill level 5 in Fighting
 31671 | Swamp:4  | Noticed a thorn hunter
 31685 | Swamp:4  | Reached skill level 5 in Summonings
 32350 | Swamp:4  | Reached XP level 16. HP: 109/109 MP: 20/26
 32386 | Swamp:4  | Reached skill level 15 in Dodging
 32566 | Swamp:4  | Noticed a thorn hunter
 32654 | Swamp:2  | Identified the +7 short sword "Yfupnube" {pierce, Str+3 Dex+3}
 33413 | D:13     | Noticed a centaur warrior
 33426 | D:13     | Killed a centaur warrior
 33834 | D:15     | Entered Level 15 of the Dungeon
 33982 | D:14     | Found a gate to the Vaults.
 34370 | D:14     | Found a runed door.
 34723 | D:13     | Found a glowing silver altar of Zin.
 35654 | D:15     | Found a large runed door.
 35654 | D:15     | Found a large runed door.
 35668 | D:15     | Found an iron altar of Okawaru.
 35854 | D:15     | Found a sacrificial altar of Ru.
 35936 | D:15     | Reached skill level 10 in Necromancy
 36173 | D:15     | Found a staircase to the Depths.
 36951 | Elf:1    | Entered Level 1 of the Elven Halls
 36963 | Elf:1    | Reached XP level 17. HP: 115/115 MP: 24/27
 37404 | Elf:2    | Found a flickering gateway to a bazaar.
 37421 | Bazaar   | Entered a bazaar
 37425 | Bazaar   | Found Osiess's Food Boutique.
 37442 | Bazaar   | Found Boojoconn's Book Emporium.
 37453 | Bazaar   | Found Johoezej's Magic Scroll Emporium.
 37458 | Bazaar   | Bought a scroll of identify for 16 gold pieces
 37458 | Bazaar   | Bought a scroll of identify for 16 gold pieces
 37478 | Bazaar   | Found Isuetuh's Antique Weapon Boutique.
 37569 | Bazaar   | Bought a scroll of acquirement for 416 gold pieces
 37683 | Elf:2    | Identified the cursed +0 hat "Asipn" {MR++ Slay+2} (You acquired it on level 2 of the Elven Halls)
 38184 | Elf:3    | Entered Level 3 of the Elven Halls
 38635 | Elf:1    | Learned a level 5 spell: Summon Mana Viper
 38731 | Elf:1    | Found a deep blue altar of Sif Muna.
 38752 | Elf:1    | Identified the Compendium of Helpful Evil
 38768 | Elf:1    | Learned a level 6 spell: Death Channel
 38777 | Elf:1    | Reached skill level 10 in Summonings
 39674 | Elf:2    | Found Tukapila's General Store.
 39794 | Elf:2    | Found a runed gate.
 39794 | Elf:2    | Found a runed gate.
 39794 | Elf:2    | Found a runed gate.
 40208 | Swamp:2  | Killed Jorgrun
 41360 | Swamp:3  | Killed a thorn hunter
 42703 | Swamp:4  | Reached skill level 15 in Necromancy
 42714 | Swamp:4  | Noticed a thorn hunter
 42764 | Swamp:4  | Killed a thorn hunter
 42818 | Swamp:4  | Noticed the 27-headed Lernaean hydra
 43548 | Swamp:3  | Killed a thorn hunter
 45163 | Swamp:4  | Got a decaying rune of Zot
 45397 | Swamp:4  | Killed a thorn hunter
 45397 | Swamp:4  | Reached XP level 18. HP: 102/121 MP: 12/28
 46173 | Spider:1 | Entered Level 1 of the Spider Nest
 46399 | Spider:1 | Noticed Kirke
 46400 | Spider:1 | Killed Kirke
 46582 | Spider:1 | Your ally Kirke died
 47752 | Spider:2 | Noticed Norris
 47753 | Spider:2 | Gained mutation: You are dopey. (Int -2) [mutagenic glow]
 47770 | Spider:2 | Killed Norris
 47863 | Spider:2 | Noticed Agnes
 47873 | Spider:2 | Killed Agnes
 47980 | Spider:2 | Noticed Arachne
 47999 | Spider:2 | Killed Arachne
 48005 | Spider:2 | Your ally Norris died
 48421 | Spider:4 | Entered Level 4 of the Spider Nest
 48939 | Spider:4 | Noticed Roxanne
 49048 | Spider:4 | Killed Roxanne
 49065 | Spider:4 | Identified Roxanne's Disquisition on Changing and Venom (You took it off Roxanne on level 4 of the Spider Nest)
 50041 | Spider:4 | Got a gossamer rune of Zot
 50568 | Elf:2    | Reached skill level 1 in Evocations
 52395 | Elf:3    | Found Haymmuw's Armour Boutique.
 52512 | Elf:3    | Found Xentup's Book Boutique.
 52638 | Elf:3    | Found Veiveps's Jewellery Shoppe.
 52696 | Elf:3    | Found Xilakaog's Food Boutique.
 52702 | Elf:3    | Noticed Saint Roka
 52772 | Elf:3    | Killed Saint Roka
 52772 | Elf:3    | Reached XP level 19. HP: 81/127 MP: 9/30
 52857 | Elf:3    | Found Zirairudgh's Food Shop.
 53826 | Vaults:1 | Entered Level 1 of the Vaults
 54554 | Vaults:1 | Reached skill level 15 in Spellcasting
 55538 | Vaults:2 | Reached skill level 1 in Conjurations
 58212 | Vaults:2 | Reached skill level 5 in Evocations
 58539 | Vaults:3 | Noticed Asterion
 59421 | Vaults:3 | Killed Asterion
 59421 | Vaults:3 | Reached skill level 18 in Stealth
 60192 | Vaults:3 | Found a staircase to the Crypt.
 60273 | Vaults:3 | Reached XP level 20. HP: 137/137 MP: 25/31
 62894 | Vaults:3 | Noticed a caustic shrike
 62906 | Vaults:3 | Killed a caustic shrike
 63690 | Vaults:4 | Reached skill level 19 in Stealth
 65172 | Vaults:5 | Entered Level 5 of the Vaults
 65301 | Vaults:4 | Gained mutation: You are very dopey. (Int -4) [mutagenic glow]
 65637 | Vaults:4 | Reached skill level 5 in Conjurations
 65814 | Vaults:4 | Reached skill level 20 in Stealth
 65860 | Vaults:5 | Noticed an ancient lich
 65948 | Vaults:5 | Killed an ancient lich
 66234 | Vaults:5 | Noticed a golden dragon
 66291 | Vaults:5 | Killed a golden dragon
 66337 | Vaults:4 | Reached XP level 21. HP: 84/148 MP: 20/33
 66686 | Vaults:5 | Identified the cursed +1 falchion of the Spectre {drain, Str+4}
 66766 | Vaults:5 | Found Tisa's Weapon Shop.
 66786 | Vaults:5 | Identified the +2 greatsling of Wyrd {speed, rF+ rC+ MR+ Str-3}
 68872 | Vaults:5 | Noticed an ancient lich
 69004 | Vaults:5 | Killed an ancient lich
 69239 | Vaults:5 | Identified the amulet "Tehaho" {Inacc rN+}
 69977 | Vaults:5 | Identified the cursed +1 robe "Kekeeh" {rF+}
 70901 | Vaults:5 | Got a silver rune of Zot
 70951 | Vaults:5 | Identified the +10 lajatang of Wothoyhi {slice, Str+3 Dex+5} (You took it off a vault sentinel on level 5 of the Vaults)
 71356 | Lair:1   | Learned a level 4 spell: Fulminant Prism
 71361 | Lair:1   | Learned a level 4 spell: Iskenderun's Mystic Blast
 71522 | D:4      | Bought a book of Spatial Translocations for 845 gold pieces
 71525 | D:4      | Learned a level 2 spell: Blink
 71937 | Depths:1 | Entered Level 1 of the Depths
 72518 | Depths:1 | Found a one-way gate to the infinite horrors of the Abyss.
 72729 | Depths:2 | Found a gateway to Hell.
 74116 | Depths:1 | Reached XP level 22. HP: 159/159 MP: 13/35
 74135 | Depths:1 | Reached skill level 10 in Fighting
 74921 | Depths:3 | Found a gateway to a ziggurat.
 76648 | Depths:3 | Found a one-way gate leading to the halls of Pandemonium.
 76706 | Depths:4 | Identified the +7 great sword "Innirol" {holy, rPois rC++ rN+ MR-}
 76875 | Depths:3 | Found Hoohar's Armour Shop.
 76875 | Depths:3 | Found Feoheacw's Food Emporium.
 76875 | Depths:3 | Found Geocrymp's Weapon Boutique.
 76875 | Depths:3 | Found Falunw Jomu's General Store.
 79004 | Depths:3 | Reached skill level 1 in Earth Magic
 80272 | Depths:3 | Identified the +1 robe of Immorality {rC+} (You took it off a spriggan defender on level 3 of the Depths)
 80947 | Depths:3 | Reached XP level 23. HP: 91/169 MP: 4/37
 81557 | Depths:3 | Bought a potion of heal wounds for 65 gold pieces
 82104 | Depths:4 | Found a portal to a secret trove of treasure.
 82220 | Depths:5 | Entered Level 5 of the Depths
 83309 | Depths:4 | Reached skill level 5 in Earth Magic
 84645 | Depths:4 | Upgraded the game from 0.17-a0-1667-g4ca74a1 to 0.17-a0-1678-g710b578
 85027 | Depths:4 | Noticed Frances
 85279 | Depths:4 | Killed Frances
 85927 | Depths:5 | Reached XP level 24. HP: 164/178 MP: 18/37
 86973 | Depths:5 | Found a gate to the Realm of Zot.
 87142 | Zot:1    | Entered Level 1 of the Realm of Zot
 89093 | Zot:3    | Reached skill level 10 in Conjurations
 89388 | Zot:3    | Identified the +10 battleaxe of Gesa {freeze, rN+ Int+6}
 90999 | Zot:4    | Reached skill level 15 in Fighting
 90999 | Zot:4    | Reached XP level 25. HP: 192/194 MP: 35/37
 91063 | Zot:4    | Reached skill level 1 in Translocations
 91723 | D:10     | Killed a large abomination
 91921 | Orc:4    | Bought a scroll of identify for 32 gold pieces
 91921 | Orc:4    | Bought a potion of heal wounds for 80 gold pieces
 91942 | Orc:4    | Bought a book of the Earth for 845 gold pieces
 91949 | Orc:4    | Learned a level 6 spell: Iron Shot
 92266 | Depths:4 | You paid a toll of 24 scrolls of identify to enter a treasure trove
 92267 | Trove    | Entered a treasure trove
 92282 | Trove    | Identified the +3 broad axe "Firu" {chop, Int+7}
 92292 | Trove    | Identified the +7 chain mail of Quantum Leap {rElec rF+ Int+2}
 92743 | Zot:3    | Reached skill level 1 in Armour
 95106 | Zig:1    | Entered Level 1 of a ziggurat
 95200 | Zig:2    | Entered Level 2 of a ziggurat
 95271 | Zig:3    | Entered Level 3 of a ziggurat
 95276 | Zig:3    | Reached skill level 10 in Earth Magic
 95365 | Zig:4    | Entered Level 4 of a ziggurat
 95371 | Zig:4    | Identified the ring of Gila {rPois rC+ Stlth+}
 95371 | Zig:4    | Identified the cursed +3 war axe of Courage {venom, +Rage rPois rC+++ Int-5}
 95397 | Zig:5    | Entered Level 5 of a ziggurat
 95549 | Zig:5    | Identified Ozocubu's Volume of the Frostbite (You found it on level 5 of a ziggurat)
 95576 | Depths:3 | Learned a level 6 spell: Bolt of Cold
 96236 | Zot:5    | Entered Level 5 of the Realm of Zot
 97873 | Zot:5    | Noticed an orb of fire
 97908 | Zot:5    | Noticed an orb of fire
 99113 | Crypt:1  | Entered Level 1 of the Crypt
 99246 | Crypt:1  | Found an ancient bone altar of Kikubaaqudgha.
 99337 | Crypt:1  | Reached XP level 26. HP: 208/208 MP: 37/37
 99417 | Crypt:1  | Identified the cursed +0 ring mail of the Flute {Regen+ Int+3 Dex+2}
 99508 | Crypt:1  | Noticed Donald
 99511 | Crypt:1  | Killed Donald
 99629 | Crypt:2  | Found a magical portal.
 99645 | WizLab   | Entered Wucad Mu's Monastery
 99823 | WizLab   | Gained mutation: You are agile. (Dex +2) [potion of beneficial mutation]
 99833 | WizLab   | Learned a level 6 spell: Haste
 99833 | WizLab   | Reached skill level 5 in Charms
 99833 | WizLab   | Reached XP level 27. HP: 201/215 MP: 37/37
100364 | Crypt:3  | Entered Level 3 of the Crypt
102247 | Crypt:2  | Noticed an ancient lich
102264 | Crypt:2  | Killed an ancient lich
102564 | Crypt:2  | Found an ancient bone altar of Kikubaaqudgha.
103789 | Crypt:3  | Identified the +9 scimitar of Eternal Vigilance {flame, Str+4}
104630 | Crypt:3  | Identified the Incunabulum of Darkness (You found it on level 3 of the Crypt)
104652 | Crypt:3  | Identified the ring of Beauty {*Corrode +Fly rPois Str+7 Dex+3}
104652 | Crypt:3  | Identified the amulet "Wofryoc" {Ward rN+ Int+4}
104655 | Crypt:3  | Noticed an ancient lich
105607 | Crypt:3  | Killed an ancient lich
105639 | Crypt:3  | Identified the Guide on Cloudy Attacks
106253 | Crypt:3  | Found an ancient bone altar of Kikubaaqudgha.
106805 | Crypt:3  | Found a staircase to the Tomb.
107068 | Crypt:3  | Upgraded the game from 0.17-a0-1678-g710b578 to 0.17-a0-1691-g18a3847
107495 | Depths:3 | Bought a +2 robe of resistance for 678 gold pieces
107495 | Depths:3 | Bought a +1 large shield of fire resistance for 297 gold pieces
108355 | Zot:5    | Gained mutation: You occasionally shout uncontrollably at your foes. [an orb of fire]
108366 | Zot:5    | Noticed an orb of fire
108799 | Zot:5    | Killed an orb of fire
109439 | Zot:5    | Noticed an ancient lich
109446 | Zot:5    | Noticed an ancient lich
109457 | Zot:5    | Killed an ancient lich
109677 | Zot:5    | Gained mutation: Your body sometimes deteriorates upon taking damage. [an orb of fire]
109683 | Zot:5    | Killed an orb of fire
111167 | Zot:5    | Noticed an orb of fire
111245 | Zot:5    | Killed an orb of fire
111261 | Zot:5    | Noticed an orb of fire
112155 | Zot:5    | Noticed an orb of fire
112532 | Zot:5    | Killed an orb of fire
113106 | Zot:5    | Lost mutation: You are agile. (Dex +2) [an orb of fire]
113110 | Zot:5    | Killed an orb of fire
113331 | Zot:5    | HP: 2/223 [orb of fire/fireball (26)]
114582 | D:10     | Killed an ice statue
115200 | Zot:5    | HP: 4/223 [orb of fire/fireball (14)]
116090 | Lair:4   | Upgraded the game from 0.17-a0-1691-g18a3847 to 0.17-a0-1733-ge90ece9
117122 | Swamp:3  | Killed the 27-headed Lernaean hydra
117854 | Zot:4    | Reached skill level 10 in Shields
118155 | Zot:5    | Got the Orb of Zot
118659 | D:10     | Noticed Vyc Esov the pandemonium lord
118843 | D:2      | Noticed Tuar Udwo the pandemonium lord
118870 | D:$      | Escaped with the Orb!

Vault maps used:
D:1:      minmay_arrival_stone_box, lemuel_another_geyser
D:2:      kennysheep_six_static_rooms, first_bread, uniq_iyjb, uniq_jessica
D:3:      dk_yredelemnul_ordeal
D:4:      serial_shops, nicolae_shop_trees, kennysheep_opposing_triangles,
          uniq_robin
D:5:      basic_altar, serial_shops, shop, shop
D:6:      minmay_temple_entry_overgrown
D:7:      nicolae_ashenzari_panopticon, uniq_crazy_yiuf_cottage, uniq_pikel
D:8:      basic_altar, uniq_joseph, uniq_maurice, uniq_erolcha
D:9:      kennysheep_mini, minmay_lair_entry_grove, orc_0_dummy, hangedman_ranch
D:10:     st_stairs_5, minivault_16, laboratory, uniq_nergalle
D:12:     kennysheep_generic_room_7, uniq_nessos
D:13:     lemuel_upstairs_altar
D:14:     erik_vaults_2, minivault_14, lightli_airlock
D:15:     grunt_enter_depths_magical_seal, roderic_serpentine_path,
          nicolae_wwwww, jmf_multi_god_temple2
Temple:   grunt_circular_temple_18
Lair:1:   beast_lair_carwin_11, serial_bayou_shore_b
Lair:2:   minmay_holes, st_stairs_10, ice2_lemuel, serial_bayou_shore_a,
          uniq_harold
Lair:3:   lemuel_oklob_altar, uniq_urug
Lair:5:   beast_lair_carwin_8, bh_autumn_forest_stairs, grunt_megastairs_2
Lair:6:   swamp_mist, spider_nest_entry_webs, slime_altar_1, st_stairs_10,
          uniq_josephine
Lair:7:   serial_bayou_pond_a, nicolae_lair_yak_garden
Lair:8:   grunt_lair_end_beastmaster, minivault_25, grunt_megastairs_1
Swamp:1:  nicolae_swamp_godswood, swamp_pool4
Swamp:2:  serial_swamp_ruin, evilmike_swamp_ruin_house_5,
          evilmike_swamp_ruin_house_6, evilmike_swamp_ruin_house_2, swamp_pool3,
          hangedman_swamp_lotus, infiniplex_staircase_pool, uniq_jorgrun
Swamp:3:  hangedman_swamp_cone, hangedman_swamp_muck
Swamp:4:  swamp_old_school
Spider:1: uniq_kirke
Spider:2: spiders_nest_wasp_nest, uniq_norris, uniq_agnes, uniq_arachne
Spider:4: grunt_spider_rune_circles, nicolae_orb_island, uniq_roxanne
Orc:1:    basic_altar, nicolae_orc_stony_grotto, nicolae_offbrand_ammo,
          uniq_snorg
Orc:3:    nicolae_orc_pool_cavern, mines1_david, uniq_maud, uniq_rupert
Orc:4:    st_orc_open
Elf:1:    minmay_elf_arrival_plus, basic_altar, minmay_elf_necromancy,
          einodemon_armed_red_devil_minivault, grunt_megastairs_3
Elf:2:    serial_shops, bzr_entry_lakeside, nicolae_shop_stone,
          nicolae_elf_stone_circles, glass_columns_b
Elf:3:    minmay_elf_hall_four_x, serial_shops, shop, shop, shop, shop_statue,
          shop, uniq_saint_roka
Vaults:1: hangedman_vaults_pinch, nicolae_vaults_little_squares_4,
          ontoclasm_vaults_ring_square, hangedman_vaults_nails,
          hangedman_vaults_restitches, ontoclasm_vaults_idyll,
          nicolae_vaults_border_crossing, v_misc_9, grunt_vaults_funnel,
          vaults_room_hallway, vaults_room_pool, nicolae_vaults_theta,
          ontoclasm_vaults_idyll, ontoclasm_vaults_tryst
Vaults:2: hangedman_vaults_nodes, vaults_room_glass_cross, v_misc_27,
          vaults_mumra_hex, ontoclasm_vaults_twist
Vaults:3: dpeg_vaults_monster_box, minmay_crypt_entry_nasty_monster,
          v_alt_pattern_3, nicolae_vaults_gold_heap, v_misc_18, v_misc_18,
          vaults_room_hallway, st_hourglassy, ontoclasm_vaults_chip, v_misc_30,
          nicolae_vaults_little_squares_3, uniq_asterion
Vaults:4: nicolae_vaults_asterisk, vaults_room_corners,
          hangedman_vaults_stagger, nicolae_vaults_disjoint_gnomons,
          grunt_vaults_swirl, v_misc_25, v_misc_19, ontoclasm_vaults_fault,
          vaults_dpeg_cross, vaults_room_hallway
Vaults:5: serial_shops
Crypt:1:  basic_altar, uniq_donald
Crypt:2:  cheibrodos_crypt_down_in_the_bonehoard, infiniplex_enter_wizlab_water,
          nicolae_crypt_soggy_tomb
Crypt:3:  evilmike_haunted_forest
Depths:1: minmay_octo_star, serial_bayou, serial_bayou_lagoon_a,
          serial_bayou_shore_b, serial_bayou_ford_a, serial_bayou_pond_b,
          hangedman_decor_peaks_small, abyss_entry, pf_hell_entry_tar_river,
          minmay_misc_feat_encased, minmay_misc_feat_alley,
          roderic_ancient_swastika
Depths:2: minmay_distorted_concentric_squares, abyss_entry, hell_entry,
          minmay_misc_feat_tiny, minmay_misc_feat_more_columns,
          minmay_misc_feat_nine_boxes
Depths:3: hangedman_box_tower, enter_ziggurat_c, marbit_kobold_abyss_entry,
          pan_entry, minmay_fountain_box, pf_hell_entry_great_geh
Depths:4: hangedman_grunt_twisty_little_passages, abyss_entry, enter_trove_3,
          hangedman_coc_ice_floe, minmay_strange_pillars,
          rand_demon_pan_entry_8, sword_in_stone
Depths:5: evilmike_zot_entry_argh, minmay_misc_feat_ornament, grunt_hell_horde
Zot:3:    zot_minivault_5
Zot:4:    hangedman_snake_sidewinding, basic_stair_grate_trap
Zot:5:    bh_zot_ikea_curve, lemuel_golem_globe
Bazaar:   bazaar_jpeg_circle_rare_4
Trove:    trove_garden
WizLab:   wizlab_wucad

Action                   |  1- 3 |  4- 6 |  7- 9 | 10-12 | 13-15 | 16-18 | 19-21 | 22-24 | 25-27 || total
-------------------------+-------+-------+-------+-------+-------+-------+-------+-------+-------++-------
Melee: Dagger            |    50 |   135 |   146 |   359 |  1289 |    38 |       |       |       ||  2017
       Spear             |       |       |    15 |       |       |       |       |       |       ||    15
       Short sword       |       |       |       |       |       |  1120 |  1529 |  1341 |  2242 ||  6232
 Cast: Ensorcelled Hiber |    12 |    52 |    66 |   206 |   628 |   286 |   223 |    92 |     2 ||  1567
       Confuse           |       |       |    21 |    46 |   125 |    92 |   221 |   217 |   211 ||   933
       Passwall          |       |       |       |     3 |     3 |    15 |     2 |    21 |    12 ||    56
       Invisibility      |       |       |       |       |    17 |    16 |     8 |     7 |    11 ||    59
       Dispel Undead     |       |       |       |       |       |    18 |    31 |    19 |   116 ||   184
       Summon Mana Viper |       |       |       |       |       |    50 |     3 |     4 |       ||    57
       Death Channel     |       |       |       |       |       |    26 |    26 |    28 |     2 ||    82
       Haunt             |       |       |       |       |       |    29 |   166 |   176 |   136 ||   507
       Bolt of Draining  |       |       |       |       |       |       |     1 |     3 |       ||     4
       Fulminant Prism   |       |       |       |       |       |       |       |     7 |     6 ||    13
       Iskenderun's Myst |       |       |       |       |       |       |       |     1 |     1 ||     2
       Blink             |       |       |       |       |       |       |       |     4 |     4 ||     8
       Bolt of Cold      |       |       |       |       |       |       |       |       |     4 ||     4
       Haste             |       |       |       |       |       |       |       |       |    23 ||    23
       Iron Shot         |       |       |       |       |       |       |       |       |    22 ||    22
Invok: Scrying           |       |       |       |       |       |       |       |       |    29 ||    29
 Abil: Evoke Flight      |       |       |       |       |     7 |       |       |     6 |       ||    13
       Stop Flying       |       |       |       |       |     1 |       |       |     6 |       ||     7
Evoke: Wand              |       |       |       |       |       |     1 |     1 |       |     4 ||     6
       Crystal ball of e |       |       |       |       |       |       |       |     2 |     8 ||    10
       Deck              |       |       |       |       |       |       |       |       |     1 ||     1
       Box of beasts     |       |       |       |       |       |       |       |       |     1 ||     1
  Use: Potion            |       |     1 |     6 |     3 |    15 |    22 |    29 |    19 |    55 ||   150
       Scroll            |       |       |    11 |     9 |    22 |    17 |    22 |     6 |    23 ||   110
 Stab: Sleeping          |    18 |    59 |    46 |   189 |   527 |   252 |   162 |   109 |   105 ||  1467
       Confused          |       |       |    13 |    30 |    55 |    48 |   123 |   131 |   151 ||   551
       Invisible         |       |       |       |       |    71 |    41 |    17 |    48 |    54 ||   231
       Distracted        |       |       |       |       |     4 |    23 |    36 |    49 |    40 ||   152
